 Dungeon Crawl Stone Soup version 0.20.0-8-g6b59dc7 (webtiles) character file.

4742 Minion the Martial Artist (level 10, -9/64 HPs)
             Began as a Tengu Monk on May 30, 2017.
             Was an Elder of the Shining One.
             Mangled by a two-headed ogre
             ... wielding a +0 giant club
              (30 damage)
             ... on level 8 of the Dungeon.
             The game lasted 00:24:20 (11011 turns).

Minion the Martial Artist (Tengu Monk)             Turns: 11011, Time: 00:24:20

Health: -9/64      AC:  9    Str: 12    XL:     10   Next: 46%
Magic:  11/11      EV: 20    Int: 11    God:    the Shining One [****..]
Gold:   479        SH:  0    Dex: 24    Spells: 9/9 levels left

rFire    . . .     SeeInvis +     - Unarmed
rCold    . . .     Gourm    .   (no shield)
rNeg     + + .     Faith    .   e - +0 scale mail
rPois    .         Spirit   .   (helmet restricted)
rElec    .         Reflect  .   l - +0 cloak
rCorr    .         Harm     .   (no gloves)
MR       .....                  (boots unavailable)
Stlth    +.........             (no amulet)
Regen    0.2/turn               C - +1 ring of slaying
MPRegen  0.2/turn               z - ring of see invisible

@: agile, glowing
A: beak, talons 3, able to fly 1
a: Fly, Divine Shield, Cleansing Flame, Renounce Religion


You were on level 8 of the Dungeon.
You worshipped the Shining One.
The Shining One was greatly pleased with you.
You were not hungry.

You visited 1 branch of the dungeon, and saw 9 of its levels.

You collected 479 gold pieces.

Inventory:

Armour
 e - a +0 scale mail (worn)
 l - a +0 cloak (worn)
 F - a +0 ring mail
Jewellery
 s - an uncursed ring of wizardry
 z - a ring of see invisible (right hand)
 C - a +1 ring of slaying (left hand)
Wands
 k - a wand of flame (4/48)
 q - a wand of polymorph (6/24)
 x - a wand of paralysis (7/24)
 G - a wand of lightning (7/15)
Scrolls
 c - 3 scrolls of fog
 h - 6 scrolls of teleportation
 o - a scroll of holy word {unknown}
 p - 4 scrolls of identify
 u - a scroll of magic mapping
 w - a scroll of remove curse
 D - 2 scrolls of enchant armour {unknown}
Potions
 a - 2 potions of flight
 d - 2 potions of magic {unknown}
 i - a potion of agility
 j - a potion of curing
 m - 5 potions of brilliance
 n - a potion of ambrosia
 r - 6 potions of lignification
 v - 3 potions of might {unknown}
Books
 y - a book of Maledictions

   Spells                             Type                      Level
   a - Corona                         Hexes                        1
   b - Ensorcelled Hibernation        Hexes/Ice                    2
   c - Confuse                        Hexes                        3
   d - Tukima's Dance                 Hexes                        3
   e - Dazzling Spray                 Conjuration/Hexes            3
 A - a book of Minor Magic

   Spells                             Type                      Level
   a - Magic Dart                     Conjuration                  1
   b - Blink                          Translocation                2
   c - Call Imp                       Summoning                    2
   d - Slow                           Hexes                        2
   e - Conjure Flame                  Conjuration/Fire             3
   f - Mephitic Cloud                 Conjuration/Poison/Air       3
 I - a book of Power

   Spells                             Type                      Level
   a - Iskenderun's Battlesphere      Conjuration/Charms           5
   b - Venom Bolt                     Conjuration/Poison           5
   c - Bolt of Magma                  Conjuration/Fire/Earth       5
   d - Iron Shot                      Conjuration/Earth            6
   e - Orb of Destruction             Conjuration                  7
   f - Spellforged Servitor           Conjuration/Summoning        7
Comestibles
 b - 8 bread rations
 f - a royal jelly
 g - a chunk of flesh
 B - 2 meat rations
 E - 8 fruits


   Skills:
 + Level 8.1 Fighting
 + Level 8.0 Armour
 + Level 8.6 Dodging
 - Level 2.0 Stealth
 + Level 9.1 Unarmed Combat
 + Level 1.2 Invocations


You had 9 spell levels left.
You didn't know any spells.

Dungeon Overview and Level Annotations

Branches:
Dungeon (9/15)             Temple (0/1) D:7            Lair (0/6) D:9
    Orc: D:9-12

Altars:
Ashenzari
Cheibriados
Dithmenos
Elyvilon
Gozag
Nemelex Xobeh
Qazlal
Trog
Vehumet
Xom
The Shining One

Annotations:
D:3 1 runed door


Innate Abilities, Weirdness & Mutations

You have a beak for a mouth.
You have claws for feet.
You can fly.


Message History

You claw the two-headed ogre, but do no damage.
The two-headed ogre is moderately wounded.
The two-headed ogre misses you. The two-headed ogre closely misses you.
You hit the two-headed ogre. You peck the two-headed ogre.
The two-headed ogre is moderately wounded.
You punch the two-headed ogre!
You claw the two-headed ogre, but do no damage.
Your peck misses the two-headed ogre.
The two-headed ogre is heavily wounded.
The two-headed ogre misses you. The two-headed ogre closely misses you.
You hit the two-headed ogre but do no damage.
Your peck misses the two-headed ogre.
The two-headed ogre is heavily wounded.
The two-headed ogre barely misses you. The two-headed ogre closely misses you.
You hit the two-headed ogre.
The two-headed ogre is severely wounded.
You hit the two-headed ogre but do no damage.
The two-headed ogre is severely wounded.
The two-headed ogre hits you with a giant club!!
You die...

#.# #.# #.# ########### #.#
#.........# #.# #.........#
#.# #.........# #.#
#.........#
##.################....†....#
[...............@Oh...>.....#
##############.##############
####'######### ###
#............# ..#
#............#
..#########............#
..........#............#
..#.......#............#
..#.......#......[.....#


You could see a two-headed ogre and a black bear.

Vanquished Creatures
  The ghost of Kriby the Cleaver, a novice MiBe of Trog (D:4)
  A hippogriff (D:9)
  A spriggan (D:7)
  Eustachio (D:5)
  A yak (D:9)
  4 porcupines
  An orc warrior (D:8)
  3 sky beasts
  2 ice beasts
  A necrophage (D:8)
  3 phantoms
  5 ogres
  2 centaurs
  A crocodile (D:9)
  3 bullfrogs
  6 scorpions
  A centaur zombie (D:6)
  A crimson imp (D:5)
  4 hounds (D:8)
  4 jellies
  7 orc priests
  2 bullfrog skeletons
  8 orc wizards
  Natasha (thrice) (D:4)
  Terence (D:2)
  3 iguanas
  Ijyb (D:3)
  5 worker ants
  A hound skeleton (D:8)
  Robin (D:3)
  5 adders
  4 shadow imps
  An adder skeleton (D:5)
  2 worms (D:2)
  2 dart slugs
  4 leopard geckos
  22 orcs
  6 giant cockroaches
  14 goblins
  16 hobgoblins
  14 jackals
  3 quokkas
  2 ball pythons
  7 bats
  3 frilled lizards
  11 kobolds
  6 rats (D:1)
200 creatures vanquished.

Vanquished Creatures (others)
  An orc warrior (D:7)
  2 orc wizards (D:7)
  A leopard gecko (D:7)
  2 orcs (D:7)
  8 fungi (D:9)
  4 plants (D:9)
18 creatures vanquished.

Grand Total: 218 creatures vanquished

Notes
Turn   | Place    | Note
-------+----------+-------------------------------------------
     0 | D:1      | Minion the Tengu Monk began the quest for the Orb.
     0 | D:1      | Reached XP level 1. HP: 14/14 MP: 2/2
   231 | D:1      | Reached XP level 2. HP: 12/19 MP: 3/3
   690 | D:1      | Reached skill level 4 in Unarmed Combat
   690 | D:1      | Reached XP level 3. HP: 16/23 MP: 4/4
   907 | D:2      | Found a glowing golden altar of the Shining One.
   910 | D:2      | Became a worshipper of the Shining One
   910 | D:2      | Reached * piety under the Shining One
   910 | D:2      | Reached ** piety under the Shining One
  1313 | D:2      | Noticed Terence
  1335 | D:2      | Killed Terence
  1335 | D:2      | Reached XP level 4. HP: 13/28 MP: 5/5
  2167 | D:3      | Reached skill level 1 in Armour
  2167 | D:3      | Gained mutation: You can fly. [Tengu growth]
  2167 | D:3      | Reached XP level 5. HP: 33/33 MP: 6/6
  2251 | D:3      | Found a runed door.
  2376 | D:3      | Noticed Robin
  2587 | D:3      | Killed Robin
  2762 | D:3      | Found a bloodstained altar of Trog.
  2772 | D:3      | Noticed Ijyb
  2788 | D:3      | Killed Ijyb
  2788 | D:3      | Reached skill level 5 in Unarmed Combat
  3517 | D:4      | Noticed Kriby's ghost (novice MiBe)
  3791 | D:4      | Noticed a phantom
  3801 | D:4      | Reached XP level 6. HP: 21/38 MP: 7/7
  4038 | D:4      | Killed a phantom
  4223 | D:4      | Noticed Natasha
  4233 | D:4      | Killed Natasha
  4498 | D:4      | Noticed a phantom
  4532 | D:4      | Killed a phantom
  4532 | D:4      | Reached skill level 5 in Dodging
  4532 | D:4      | Reached XP level 7. HP: 31/44 MP: 8/8
  4685 | D:4      | Noticed Natasha
  4693 | D:4      | Killed Natasha
  4818 | D:4      | Killed Kriby's ghost
  4818 | D:4      | Reached skill level 5 in Fighting
  4818 | D:4      | Reached skill level 6 in Unarmed Combat
  4818 | D:4      | Reached XP level 8. HP: 37/49 MP: 9/9
  5143 | D:4      | Noticed Natasha
  5150 | D:4      | Killed Natasha
  5197 | D:4      | Found a radiant altar of Vehumet.
  5318 | D:5      | Entered Level 5 of the Dungeon
  5385 | D:5      | Found a snail-covered altar of Cheibriados.
  5911 | D:5      | Noticed Eustachio
  5938 | D:5      | Killed Eustachio
  5938 | D:5      | Reached skill level 5 in Armour
  5969 | D:5      | Found a shimmering altar of Xom.
  6255 | D:5      | Found an opulent altar of Gozag.
  6884 | D:6      | Reached skill level 7 in Unarmed Combat
  7316 | D:6      | Reached XP level 9. HP: 50/55 MP: 10/10
  7377 | D:6      | Found a shadowy altar of Dithmenos.
  7435 | D:6      | Reached *** piety under the Shining One
  7436 | D:6      | Found a white marble altar of Elyvilon.
  7544 | D:6      | Found a stormy altar of Qazlal.
  8338 | D:7      | Found a sparkling altar of Nemelex Xobeh.
  8475 | D:7      | Found a staircase to the Ecumenical Temple.
  8869 | D:8      | Found a shattered altar of Ashenzari.
  8906 | D:8      | Reached skill level 8 in Unarmed Combat
  9310 | D:8      | Found a bloodstained altar of Trog.
  9777 | D:9      | Reached XP level 10. HP: 56/63 MP: 11/11
 10166 | D:9      | Reached **** piety under the Shining One
 10459 | D:9      | Noticed a two-headed ogre
 10475 | D:9      | Reached skill level 9 in Unarmed Combat
 10475 | D:9      | Reached skill level 1 in Invocations
 10548 | D:9      | Found a staircase to the Lair.
 11011 | D:8      | Mangled by a two-headed ogre

Skill      XL: |  1  2  3  4  5  6  7  8  9 10 |
---------------+-------------------------------+-----
Unarmed Combat | 4 5 6 7 8 9 |  9.1
Dodging        | 4 5 6 8 |  8.6
Armour         | 1 2 3 4 5 7 8 |  8.0
Fighting       | 4 5 6 7 8 |  8.1
Invocations    | 1 |  1.2
Stealth        | |  2.0

Action                   |  1- 3 |  4- 6 |  7- 9 | 10-12 || total
-------------------------+-------+-------+-------+-------++-------
Melee: Unarmed           |   105 |   227 |   390 |    95 ||   817
       Kick              |    36 |    54 |   121 |    42 ||   253
       Peck              |    19 |    41 |    81 |    23 ||   164
       Punch             |     2 |     4 |    17 |     3 ||    26
Evoke: Wand              |       |       |     2 |       ||     2
  Use: Scroll            |     6 |     9 |     1 |     1 ||    17
       Potion            |       |     1 |     3 |     2 ||     6
 Stab: Distracted        |     2 |       |       |       ||     2
       Sleeping          |     1 |       |       |       ||     1
  Eat: Chunk             |     1 |     8 |    13 |     2 ||    24
       Royal jelly       |       |     1 |     2 |     1 ||     4
Armor: Robe              |    10 |       |       |       ||    10
       Scale mail        |       |    71 |    94 |    25 ||   190
       Ring mail         |       |       |     4 |     6 ||    10
Dodge: Dodged            |    69 |   106 |   181 |   102 ||   458
